 Dungeon Crawl Stone Soup version 0.29.1-2-gbd0b4ee654 (webtiles) character file.

Game seed: 8012559106385609700

76860 RKaid the Stormcaller (level 15, -16/97 HPs)
             Began as a Tengu Air Elementalist on Oct 14, 2022.
             Was an Elder of Sif Muna.
             Shot with a bolt by a yaktaur (34 damage)
             ... on level 15 of the Dungeon on Oct 23, 2022.
             The game lasted 02:03:10 (36627 turns).

RKaid the Stormcaller (Tengu Air Elementalist)     Turns: 36627, Time: 02:03:10

Health: -16/97     AC:  7    Str: 14    XL:     15   Next: 54%
Magic:  22/39      EV: 20    Int: 22    God:    Sif Muna [****..]
Gold:   1529       SH: 12    Dex: 16    Spells: 13/34 levels left

rFire   + . .      SeeInvis .   a - +6 shillelagh "Devastator" {shatter}
rCold   + . .      Faith    .   T - +2 kite shield
rNeg    . . .      Spirit   .   Y - +4 leather armour "Gugudutust" {rElec Slay+2}
rPois   .          Reflect  .   (helmet restricted)
rElec   +          Harm     .   S - scarf {rC+ rF+}
rCorr   +          Rampage  .   (no gloves)
Will    ++...                   (boots unavailable)
Stlth   ++........              p - amulet of regeneration {+regen}
HPRegen 1.06/turn               e - ring of magical power {MP+9}
MPRegen 0.26/turn               L - ring of Niejox {Wiz Will+ rCorr Str+6 Slay-2}

@: flying quickly and evasively, very slightly contaminated, quick
A: beak, talons 3, nimble flight
a: Renounce Religion, Channel Magic, Forget Spell, Divine Exegesis


You were on level 15 of the Dungeon.
You worshipped Sif Muna.
Sif Muna was greatly pleased with you.
You visited 3 branches of the dungeon, and saw 21 of its levels.
You also visited: Sewer and Ice Cave.

You collected 1697 gold pieces.
You spent 168 gold pieces at shops.

Inventory:

Hand Weapons
 a - the +6 shillelagh "Devastator" (weapon) {shatter}
   (You found it on level 5 of the Dungeon)

   It releases a powerful concussive burst when it strikes, dealing extra damage
   to the target and all other foes adjacent to them.
 f - a +1 demon blade of draining
   (You found it on level 2 of the Dungeon)
 E - the +2 broad axe "Zing" {flame, +Blink rN+ Dex+4}
   (You found it in an ice cave)

   It burns those it strikes, dealing additional fire damage.
   Big, fiery blades are also staple armaments of hydra-hunters.
   Dex:       It affects your dexterity (+4).
   rN:        It protects you from negative energy.
   +Blink:    It lets you blink.
 Q - the +8 arbalest "Pysecim" {penet, Fragile rElec rC+ Dex+9}
   (You found it on level 14 of the Dungeon)

   Any ammunition fired by it passes through the targets it hits, potentially
   hitting all targets in its path until it reaches maximum range.
   Dex:       It affects your dexterity (+9).
   rC:        It protects you from cold.
   rElec:     It insulates you from electricity.
   Fragile:   It will be destroyed if unequipped.
Missiles
 k - 3 atropa-tipped darts (quivered)
Armour
 r - a +2 leather armour of resistance
   (You found it in an ice cave)
 S - a scarf of resistance (worn)
   (You found it on level 11 of the Dungeon)
 T - a +2 kite shield (worn)
   (You found it on level 11 of the Dungeon)
 V - a +0 troll leather armour {regen+}
   (You found it on level 11 of the Dungeon)
 Y - the +4 leather armour "Gugudutust" (worn) {rElec Slay+2}
   (You bought it in a shop on level 12 of the Dungeon)

   Slay:      It affects your accuracy & damage with ranged weapons and melee
   (+2).
   rElec:     It insulates you from electricity.
Magical Staves
 b - a staff of conjuration {!a}
   (You found it in an ice cave)
Jewellery
 e - a ring of magical power (left hand) {MP+9}
   (You found it in an ice cave)
 p - an amulet of regeneration (around neck) {+regen}
   (You found it on level 4 of the Dungeon)
 J - a ring of magical power {MP+9}
   (You found it on level 14 of the Dungeon)
 L - the ring of Niejox (right hand) {Wiz Will+ rCorr Str+6 Slay-2}
   (You found it on level 9 of the Dungeon)

   [ring of wizardry]

   It improves your spell success rate.
   Str:       It affects your strength (+6).
   Slay:      It affects your accuracy & damage with ranged weapons and melee
   (-2).
   rCorr:     It protects you from acid and corrosion.
   Will:      It increases your willpower.
 N - a ring of protection from fire {rF+}
   (You found it on level 9 of the Dungeon)
 R - the ring of the Seeker {Ice rCorr Str+3}
   (You found it on level 10 of the Dungeon)

   [ring of ice]

   It enhances your ice magic.
   Str:       It affects your strength (+3).
   rF:        It makes you vulnerable to fire.
   rC:        It protects you from cold.
   rCorr:     It protects you from acid and corrosion.
Wands
 o - a wand of roots (13)
   (You took it off Grinder on level 5 of the Dungeon)
 D - a wand of digging (23)
   (You found it on level 4 of the Dungeon)
 F - a wand of charming (7)
   (You took it off Ijyb on level 5 of the Dungeon)
 G - a wand of flame (14)
   (You found it on level 5 of the Dungeon)
 O - a wand of light (18)
   (You found it on level 2 of the Lair of Beasts)
Scrolls
 i - a scroll of identify
 l - a scroll of blinking {!r}
 n - 4 scrolls of vulnerability {!r!r}
 q - 2 scrolls of immolation {!r}
 s - 2 scrolls of brand weapon
 t - 8 scrolls of teleportation
 u - 4 scrolls of enchant weapon
 v - 3 scrolls of fog
 w - 8 scrolls of fear
 x - 5 scrolls of enchant armour
 y - 2 scrolls of magic mapping {!r}
 B - 3 scrolls of poison {!r}
 I - 3 scrolls of summoning
 X - a scroll of silence {unknown}
Potions
 c - 10 potions of curing
 d - 3 potions of haste
 g - 4 potions of invisibility
 h - 2 potions of heal wounds
 j - a potion of ambrosia
 m - a potion of resistance
 A - a potion of magic
 C - 4 potions of berserk rage {!q}
 H - 4 potions of mutation {!q!q}
 K - 2 potions of cancellation
 M - 2 potions of brilliance
 U - a potion of might
 W - a potion of lignification {!q}
Miscellaneous
 z - a box of beasts
   (You found it on level 5 of the Lair of Beasts)
 P - a phantom mirror
   (You found it on level 5 of the Lair of Beasts)


   Skills:
 + Level 12.5 Fighting
 - Level 8.0 Maces & Flails
 - Level 2.3 Ranged Weapons
 - Level 13.4 Dodging
 - Level 2.0 Stealth
 + Level 5.2 Shields
 - Level 10.2 Spellcasting
 + Level 10.0 Conjurations
 - Level 15.0 Air Magic
 + Level 7.8 Invocations


You had 13 spell levels left.
You knew the following spells:

 Your Spells              Type           Power      Damage    Failure   Level
a - Shock                 Conj/Air       100%       1d9       1%          1
b - Airstrike             Air            33%        2d(5-21)  1%          4
c - Lightning Bolt        Conj/Air       30%        1d47      1%          5
d - Iskenderun's Battles  Conj           54%        2d10      4%          5
e - Conjure Ball Lightni  Conj/Air       30%        3x3d10    8%          6

Your spell library contained the following spells:

 Spells                   Type           Power      Damage    Failure   Level
 Poisonous Vapours        Pois/Air       88%        N/A       1%          2
 Static Discharge         Conj/Air       61%        3-11/arc  1%          2
 Swiftness                Air            67%        N/A       1%          3
 Dazzling Flash           Conj/Hex       66%        N/A       3%          3
 Freezing Cloud           Conj/Ice/Air   24%        6-21      8%          5
 Freeze                   Ice            44%        1d6       9%          1
 Sting                    Tmut/Pois      44%        1d5       9%          1
 Corpse Rot               Necr/Pois/Air  33%        N/A       11%         4
 Hailstorm                Conj/Ice       33%        3d8       11%         4
 Sublimation of Blood     Necr           11%        N/A       13%         2
 Frozen Ramparts          Ice            22%        1d4       26%         3
 Gell's Gravitas          Tloc           11%        N/A       26%         3
 Ozocubu's Armour         Ice            11%        N/A       26%         3
 Teleport Other           Tloc           11%        N/A       26%         3
 Irradiate                Conj/Tmut      16%        3d17      28%         5
 Olgreb's Toxic Radiance  Pois           11%        N/A       61%         4
 Petrify                  Tmut/Erth      11%        N/A       61%         4
 Summon Ice Beast         Ice/Summ       11%        N/A       61%         4
 Alistair's Intoxication  Tmut/Pois      7%         N/A       90%         5
 Summon Forest            Summ/Tloc      5%         N/A       90%         5
 Summon Mana Viper        Hex/Summ       11%        N/A       90%         5
 Storm Form               Tmut/Air       22%        N/A       96%         7
 Dispersal                Tloc           5%         N/A       100%        6
 Eringya's Noxious Bog    Tmut/Pois      5%         N/A       100%        6
 Simulacrum               Ice/Necr       5%         N/A       100%        6
 Statue Form              Tmut/Erth      7%         N/A       100%        6
 Dragon Form              Tmut           5%         N/A       100%        7
 Monstrous Menagerie      Summ           5%         N/A       100%        7
 Summon Hydra             Summ           5%         N/A       100%        7
 Polar Vortex             Ice            5%         N/A       100%        9


Dungeon Overview and Level Annotations

Branches:
Dungeon (15/15)            Temple (1/1) D:7            Lair (5/5) D:9
 Shoals (0/4) Lair:3        Snake (0/4) Lair:2        Slime (0/5) Lair:4
    Orc (0/2) D:11         Vaults (0/5) D:13          Sewer (visited)
  IceCv (visited)
 Depths: D:15

Altars:
Ashenzari
Cheibriados
Dithmenos
Elyvilon
Fedhas
Gozag
Hepliaklqana
Kikubaaqudgha
Makhleb
Nemelex Xobeh
Okawaru
Qazlal
Ru
Sif Muna
Trog
Uskayaw
Vehumet
Wu Jian
Xom
Yredelemnul
Zin
The Shining One
Jiyva

Shops:
D:12 [

Portals:
Abyss: D:8

Annotations:
D:2 1 runed translucent door, Crazy Yiuf
D:8 2 transporters, decrepitue's ghost, novice OpSu
D:9 3 runed translucent doors, LabCoat's ghost, journeyman HOFi
Lair:2 3 runed translucent doors, Elebi's ghost, journeyman DrTm


Innate Abilities, Weirdness & Mutations

You have a beak for a mouth.
You have claws for feet.
Your magical nature lets you fly swiftly and evasively.


Message History

There is a stone staircase leading up, spattered with blood here.
An orc priest comes into view. It is wielding a +0 club.
You closely miss the orc warrior. Your kick misses the orc warrior.
You peck the orc warrior. You block the orc warrior's attack.
You hit the orc warrior but do no damage.
You claw the orc warrior. You block the orc warrior's attack.
You hit the orc warrior.
The orc warrior shudders.
You claw the orc warrior, but do no damage.
You peck the orc warrior, but do no damage.
You block the orc warrior's attack.
You thump the orc warrior!
The orc priest shudders.
You kill the orc warrior!
Sif Muna accepts your kill.
You hit the orc priest but do no damage.
You claw the orc priest, but do no damage.
You block the orc priest's attack.
You hit the orc priest.
The orc priest shudders.
You kill the orc priest!
Sif Muna accepts your kill.
An orc wizard comes into view. It is wielding a +0 dagger.
There is a stone staircase leading up, spattered with blood here.
Items here: )) ? [[ ††.
You block the orc wizard's attack.
Items here: )) [[ †.
You barely miss the orc wizard.
You claw the orc wizard, but do no damage.
You block the orc wizard's attack.
You hit the orc wizard.
The orc wizard shudders.
You claw the orc wizard, but do no damage.
The orc wizard closely misses you.
You sock the orc wizard!
You kill the orc wizard!
Sif Muna accepts your kill.
i - a scroll of identify;
X - a scroll labelled DUAMAH OFAA
There is a stone staircase leading up, spattered with blood here.
Items here: )) [[ ††.
You start resting.
You hear the beating of a very distant drum.
Sif Muna will no longer gift you books.
A yaktaur comes into view.
The yaktaur wields a +0 arbalest.
The yaktaur shoots a bolt.
The bolt hits you!
You hear a shout! x2
You feel less invigorated. 2 yaktaurs come into view.
The yaktaur shouts!
The yaktaur shoots a bolt.
You block the bolt.
You hear a shout!
Casting: Shock (safe; 1% risk of failure)
Confirm with . or Enter, or press ? or * to list all spells.
You conjure a globe of magical energy.
The yaktaur shoots a bolt.
The bolt completely misses your battlesphere.
You block the bolt.
Casting: Iskenderun's Battlesphere (dangerous; 4% risk of failure)
Confirm with . or Enter, or press ? or * to list all spells.
Aiming: Lightning Bolt (dangerous; 1% risk of failure)
Press: ? - help, Shift-Dir - straight line, f - yaktaur
Aim: a yaktaur (92% to hit)
You hear a mighty clap of thunder!
The bolt of lightning hits the yaktaur!!
The bolt of lightning hits the yaktaur.
Your battlesphere fires!
The barrage of energy hits the yaktaur!
You kill the yaktaur!
Sif Muna accepts your kill.
The yaktaur wields a +1 arbalest of flaming.
It bursts into flame!
The yaktaur shoots a bolt.
The bolt hits your battlesphere!!
Your battlesphere is destroyed!
Casting: Lightning Bolt (dangerous; 1% risk of failure)
Confirm with . or Enter, or press ? or * to list all spells.
Aiming: Lightning Bolt (dangerous; 1% risk of failure)
Press: ? - help, Shift-Dir - straight line, f/p - yaktaur
Aim: a yaktaur, wielding a +1 arbalest of flaming (92% to hit)
You hear a mighty clap of thunder!
The bolt of lightning hits the yaktaur!
A yaktaur comes into view.
Casting: Lightning Bolt (dangerous; 1% risk of failure)
Confirm with . or Enter, or press ? or * to list all spells.
You miscast Iskenderun's Battlesphere.
You are very lightly contaminated with residual magic.
Nothing appears to happen.
The yaktaur wields a +2 arbalest of freezing.
It is covered in frost.
The yaktaur shoots a bolt.
The bolt hits you!! The bolt freezes you.
The yaktaur shoots a bolt.
The bolt hits you!! The bolt burns you.
The yaktaur shoots a bolt.
The bolt hits you!!
* * * LOW HITPOINT WARNING * * *
The yaktaur shoots a bolt.
You block the bolt.
Really read
l - 2 scrolls of blinking {!r}?
Blink to where?
Press: ? - help, Dir - move target, p - yaktaur
As you read the scroll of blinking {!r}, it crumbles to dust.
The yaktaur shoots a bolt.
You block the bolt.
An orc warrior comes into view. It is wielding a +0 long sword.
You see here a shapeshifter corpse.
There is a stone staircase leading up, spattered with blood here.
Items here: )) [[ ††.
The yaktaur shoots a bolt.
The bolt hits you!!
You die...

.. .# . #######.# ..
##....... .#
#...##.. (. #...##.#
.#.#
####...##.###/)..#.
##.........)))).....
#........†@###......
#..........# .#...
#.###...##.# .. .
#.##.....#.# #.
#.#.#...#..# .
#.#..###.### #.#c#
... .c)o ### .....


You could see a yaktaur.

Vanquished Creatures
  Rupert (D:14)
  Nessos (D:14)
  Snorg (D:13)
  A boulder beetle (D:13)
  A yaktaur captain (D:13)
  5 hydras
  2 catoblepae
  2 two-headed ogres
  6 centaur warriors
  6 death yaks
  Nergalle (D:10)
  Pikel (D:7)
  4 deep elf pyromancers
  2 orc knights (D:15)
  2 ugly things (IceCv)
  A wolf spider (Lair:5)
  A manticore (D:14)
  4 merfolk sirens (Lair:3)
  18 elephants
  A guardian serpent (Lair:5)
  A black mamba (shapeshifter) (D:15)
  2 gargoyles (D:12)
  8 black mambas
  3 ice statues (IceCv)
  A torpor snail (Lair:5)
  4 rime drakes
  11 cane toads
  3 unseen horrors
  5 komodo dragons
  3 kobold demonologists
  3 yaktaurs
  14 polar bears
  4 trolls
  2 hornets (Lair:5)
  3 meliai (D:15)
  Prince Ribbit (D:7)
  4 snapping turtles (D:12)
  2 raiju (Lair:5)
  7 blink frogs
  Grinder (D:5)
  3 slime creatures (D:12)
  2 shadows
  10 wyverns
  A vampire (D:11)
  2 wraiths
  A dire elephant simulacrum (IceCv)
  3 water elementals (D:12)
  A basilisk (D:13)
  49 yaks
  A steam dragon (D:9)
  4 vampire mosquitoes (D:10)
  3 redbacks (Lair:5)
  Menkaure (D:7)
  3 nagas (Lair:2)
  An acid dragon (D:12)
  5 wargs
  A hydra simulacrum (IceCv)
  15 hell hounds (Lair:5)
  24 water moccasins
  5 orc warriors
  16 black bears
  3 ice beasts
  2 ogres
  41 wolves
  4 sky beasts
  2 phantoms
  2 lemures (D:7)
  9 centaurs
  3 kobold brigands
  9 bullfrogs
  2 necrophages
  4 scorpions
  4 wights
  A troll zombie (D:11)
  9 killer bees
  An elephant simulacrum (IceCv)
  7 electric eels (D:12)
  12 howler monkeys
  4 jellies
  6 orc priests
  2 hounds
  4 iguanas
  Ijyb (D:5)
  2 gnoll boudas
  9 orc wizards
  2 polar bear simulacra (IceCv)
  2 wolf simulacra (IceCv)
  7 ogre zombies (D:11)
  Robin (D:3)
  12 adders
  19 gnolls
  4 river rats
  13 white imps
  3 ufetubi
  4 worms
  2 dart slugs
  40 orcs
  11 ball pythons
  6 endoplasms
  2 giant cockroaches
  13 goblins
  6 hobgoblins
  15 jackals
  4 quokkas
  20 bats
  7 frilled lizards
  A goblin skeleton (D:11)
  2 goblin zombies (D:11)
  3 hobgoblin skeletons (D:11)
  4 hobgoblin zombies (D:11)
  19 kobolds
  4 orc skeletons (D:11)
  11 orc zombies (D:11)
  2 rats (D:1)
676 creatures vanquished.

Vanquished Creatures (others)
  2 orc wizards
  88 fungi
  129 plants
219 creatures vanquished.

Grand Total: 895 creatures vanquished

Notes
Turn   | Place    | Note
-------+----------+-------------------------------------------
     0 | D:1      | RKaid the Tengu Air Elementalist began the quest for the
                  | Orb.
     0 | D:1      | Reached XP level 1. HP: 10/10 MP: 4/4
   272 | D:1      | Reached XP level 2. HP: 16/16 MP: 4/6
   630 | D:1      | Reached skill level 2 in Conjurations
   846 | D:1      | Reached XP level 3. HP: 20/20 MP: 2/7
   884 | D:1      | Reached skill level 1 in Fighting
  1497 | D:2      | You fall into a shaft and drop 2 floors!
  1514 | D:4      | Noticed a necrophage
  1627 | D:4      | Reached XP level 4. HP: 16/25 MP: 1/8
  1756 | D:4      | Found a stormy altar of Qazlal.
  1759 | D:4      | Noticed a scorpion
  1855 | D:4      | Killed a scorpion
  1856 | D:4      | Reached skill level 3 in Dodging
  1856 | D:4      | Gained mutation: Your magical nature lets you fly swiftly
                  | and evasively. [Tengu growth]
  1856 | D:4      | Reached XP level 5. HP: 19/30 MP: 1/10
  1961 | D:4      | Reached skill level 3 in Conjurations
  1961 | D:4      | Reached skill level 5 in Air Magic
  1991 | D:4      | Reached skill level 2 in Fighting
  2030 | D:4      | Found a glowing drain.
  2037 | Sewer    | Entered a sewer
  2818 | Sewer    | Reached skill level 3 in Spellcasting
  2821 | Sewer    | Reached XP level 6. HP: 35/35 MP: 4/11
  2962 | D:4      | Reached skill level 1 in Ranged Weapons
  4348 | D:2      | Found a runed translucent door.
  4349 | D:2      | Noticed Crazy Yiuf
  4544 | D:3      | Noticed Robin
  4548 | D:3      | Killed Robin
  5207 | D:3      | Found a faded altar of an unknown god.
  5516 | D:5      | Entered Level 5 of the Dungeon
  5565 | D:5      | Reached skill level 2 in Ranged Weapons
  5565 | D:5      | Reached skill level 4 in Dodging
  5565 | D:5      | Reached XP level 7. HP: 36/40 MP: 6/13
  5831 | D:5      | Noticed Ijyb
  5842 | D:5      | Killed Ijyb
  5843 | D:5      | Reached skill level 3 in Fighting
  6018 | D:5      | Found the +6 shillelagh "Devastator" {shatter}
  6041 | D:5      | Reached skill level 6 in Air Magic
  6520 | D:5      | Reached skill level 4 in Spellcasting
  6636 | D:5      | Noticed Grinder
  6670 | D:5      | Killed Grinder
  6671 | D:5      | Reached skill level 4 in Fighting
  6671 | D:5      | Reached skill level 5 in Dodging
  6671 | D:5      | Reached XP level 8. HP: 29/48 MP: 1/15
  6904 | D:5      | Reached skill level 7 in Air Magic
  7318 | D:5      | Learned a level 4 spell: Airstrike
  7333 | D:5      | HP: 8/48 [something (6)]
  7753 | D:6      | Reached skill level 5 in Spellcasting
  7917 | D:6      | Reached skill level 5 in Fighting
  7917 | D:6      | Reached skill level 6 in Dodging
  7917 | D:6      | Reached skill level 8 in Air Magic
  7979 | D:6      | Identified the +3 leather armour of Kyemmish {rElec rF+
                  | Dex-5}
  8080 | D:5      | Reached XP level 9. HP: 54/54 MP: 17/17
  8123 | D:6      | Reached skill level 1 in Maces & Flails
  8445 | D:6      | Reached skill level 2 in Maces & Flails
  8549 | D:6      | Reached skill level 3 in Maces & Flails
  8757 | D:6      | Reached skill level 4 in Maces & Flails
  8910 | D:6      | Reached skill level 9 in Air Magic
  8948 | D:6      | Reached skill level 7 in Dodging
  9093 | D:7      | Found a staircase to the Ecumenical Temple.
  9097 | D:7      | Reached skill level 6 in Spellcasting
  9261 | D:7      | Reached skill level 5 in Maces & Flails
  9269 | Temple   | Entered the Ecumenical Temple
  9600 | Temple   | Became a worshipper of Sif Muna the Loreminder
  9836 | D:7      | Found an ornate altar of the Wu Jian Council.
  9915 | D:7      | Reached XP level 10. HP: 59/59 MP: 13/20
 10074 | D:7      | Noticed Pikel
 10160 | D:7      | Killed Pikel
 10161 | D:7      | Reached skill level 10 in Air Magic
 10248 | D:7      | Noticed Prince Ribbit
 10264 | D:7      | Killed Prince Ribbit
 10265 | D:7      | Reached skill level 8 in Dodging
 10426 | D:7      | Found a glowing silver altar of Zin.
 10454 | D:7      | Found an opulent altar of Gozag.
 10483 | D:7      | Noticed Menkaure
 10491 | D:7      | Killed Menkaure
 10848 | D:8      | Noticed a rakshasa
 10888 | D:8      | Found a one-way gate to the infinite horrors of the Abyss.
 10888 | D:8      | Noticed decrepitue's ghost (novice OpSu)
 10900 | D:8      | Found a transporter.
 10906 | D:8      | Found a transporter.
 10988 | D:8      | Found a shimmering altar of Xom.
 11068 | D:8      | Reached skill level 7 in Spellcasting
 11164 | D:8      | Reached * piety under Sif Muna
 12058 | D:9      | Identified the ring of Niejox {Wiz Will+ rCorr Str+6
                  | Slay-2}
 12092 | D:9      | Found a glowing golden altar of the Shining One.
 12402 | D:9      | Reached skill level 6 in Fighting
 12555 | D:8      | Reached skill level 11 in Air Magic
 12843 | D:9      | Reached ** piety under Sif Muna
 12910 | D:9      | Reached skill level 9 in Dodging
 12931 | D:9      | Reached XP level 11. HP: 64/65 MP: 5/23
 13443 | D:9      | Found a staircase to the Lair.
 13478 | D:9      | Found a runed translucent gate.
 13480 | D:9      | Found a runed translucent gate.
 13481 | D:9      | Found a runed translucent gate.
 13481 | D:9      | Noticed LabCoat's ghost (journeyman HOFi)
 13619 | D:10     | Entered Level 10 of the Dungeon
 13946 | D:10     | Reached skill level 8 in Spellcasting
 14019 | D:10     | Reached skill level 7 in Fighting
 14033 | D:10     | HP: 15/67 [yak (14)]
 14150 | Lair:1   | Entered Level 1 of the Lair of Beasts
 14391 | Lair:1   | Reached skill level 12 in Air Magic
 14589 | Lair:1   | HP: 14/67 [wolf (7)]
 14593 | Lair:1   | Reached skill level 10 in Dodging
 15556 | Lair:1   | Reached *** piety under Sif Muna
 15880 | Lair:2   | Found a staircase to the Snake Pit.
 15925 | Lair:2   | Noticed a five-headed hydra
 15929 | Lair:2   | Killed a five-headed hydra
 15930 | Lair:2   | Reached skill level 8 in Fighting
 16052 | Lair:2   | Noticed Elebi's ghost (journeyman DrTm)
 16067 | Lair:2   | Reached XP level 12. HP: 73/73 MP: 16/25
 16212 | Lair:2   | Found a runed translucent gate.
 16212 | Lair:2   | Found a runed translucent gate.
 16212 | Lair:2   | Found a runed translucent gate.
 16569 | Lair:2   | Reached skill level 9 in Spellcasting
 16598 | Lair:2   | Reached skill level 13 in Air Magic
 17370 | Lair:3   | Reached skill level 11 in Dodging
 17876 | Lair:3   | Reached skill level 9 in Fighting
 17892 | Lair:3   | Found a staircase to the Shoals.
 18356 | Lair:4   | Noticed a death yak
 18734 | Lair:4   | Reached **** piety under Sif Muna
 18781 | Lair:4   | Noticed a death yak
 18791 | Lair:4   | Reached skill level 14 in Air Magic
 18837 | Lair:3   | Killed a death yak
 18965 | Lair:4   | Noticed a death yak
 18965 | Lair:4   | Noticed a death yak
 18970 | Lair:4   | Killed a death yak
 18971 | Lair:4   | Reached skill level 1 in Invocations
 19112 | Lair:3   | Killed a death yak
 19113 | Lair:3   | Reached skill level 10 in Spellcasting
 19123 | Lair:3   | Reached XP level 13. HP: 80/80 MP: 2/28
 19517 | Lair:4   | Reached skill level 2 in Invocations
 19697 | Lair:4   | Reached skill level 12 in Dodging
 19768 | Lair:4   | Found a viscous altar of Jiyva.
 19768 | Lair:4   | Found a staircase to the Slime Pits.
 20746 | Lair:5   | Entered Level 5 of the Lair of Beasts
 20822 | Lair:5   | Reached skill level 10 in Fighting
 20826 | Lair:5   | Reached skill level 3 in Invocations
 21079 | Lair:5   | HP: 14/82 [hell hound/blast of flame (11)]
 21120 | Lair:4   | Upgraded the game from 0.29.1-1-gd02db6906a to
                  | 0.29.1-2-gbd0b4ee654
 21293 | Lair:5   | Reached ***** piety under Sif Muna
 21638 | Lair:5   | Received a gift from Sif Muna
 21727 | Lair:5   | Got Zeirugor's Almanac of Filthy Arcane Weapons {god gift}
 21734 | Lair:5   | Learned a level 5 spell: Lightning Bolt
 22048 | Lair:5   | Reached skill level 15 in Air Magic
 22102 | Lair:5   | Reached skill level 6 in Maces & Flails
 22391 | Lair:5   | Reached skill level 4 in Invocations
 22834 | Lair:5   | Reached skill level 4 in Conjurations
 23563 | Lair:5   | Reached XP level 14. HP: 82/88 MP: 7/29
 23733 | Lair:5   | Reached skill level 5 in Conjurations
 24264 | Lair:5   | Reached skill level 7 in Maces & Flails
 24355 | Lair:5   | Reached skill level 13 in Dodging
 24364 | Lair:5   | Reached skill level 5 in Invocations
 24810 | Lair:5   | Reached skill level 11 in Fighting
 24965 | Lair:5   | Reached skill level 6 in Conjurations
 25227 | Lair:5   | Received a gift from Sif Muna
 25228 | Lair:5   | Got Sif Muna's Grimoire of Unstable Rime {god gift}
 27920 | D:10     | Reached skill level 7 in Conjurations
 28074 | D:10     | Found a sacrificial altar of Ru.
 28077 | D:10     | Found a white marble altar of Elyvilon.
 28080 | D:10     | Found an iron altar of Okawaru.
 28131 | D:10     | Noticed Nergalle
 28135 | D:10     | Killed Nergalle
 28212 | D:10     | Reached skill level 8 in Maces & Flails
 28483 | D:10     | Identified the ring of the Seeker {Ice rCorr Str+3}
 28677 | D:11     | Reached skill level 6 in Invocations
 28847 | D:11     | Reached skill level 1 in Shields
 29195 | D:11     | Found a staircase to the Orcish Mines.
 29294 | D:11     | Received a gift from Sif Muna
 29975 | D:12     | Reached skill level 2 in Shields
 30538 | D:12     | Reached skill level 8 in Conjurations
 30755 | D:12     | HP: 19/91 [water elemental (20)]
 31368 | D:12     | Found Refen's Antique Armour Emporium.
 31653 | D:12     | Bought a translucent leather armour for 168 gold pieces
 31653 | D:12     | Identified the +4 leather armour "Gugudutust" {rElec
                  | Slay+2} (You bought it in a shop on level 12 of the
                  | Dungeon)
 32263 | D:12     | Reached skill level 3 in Shields
 32604 | D:12     | Reached XP level 15. HP: 96/96 MP: 12/30
 32885 | D:13     | Found a frozen archway.
 32920 | IceCv    | Entered an ice cave
 33249 | IceCv    | Reached skill level 12 in Fighting
 33379 | IceCv    | Reached skill level 7 in Invocations
 33551 | IceCv    | Identified the +2 broad axe "Zing" {flame, +Blink rN+
                  | Dex+4}
 33628 | D:13     | Received a gift from Sif Muna
 33697 | D:13     | HP: 19/96 [yaktaur/bolt (16)]
 33777 | D:13     | HP: 14/96 [yaktaur/bolt (30)]
 33893 | D:13     | Reached skill level 9 in Conjurations
 33899 | D:13     | Reached skill level 4 in Shields
 34250 | D:13     | Noticed Snorg
 34259 | D:13     | Killed Snorg
 34525 | D:13     | Got Qarhiwn's Directory of Destructive Variation {god gift}
 34532 | D:13     | Learned a level 5 spell: Iskenderun's Battlesphere
 34539 | D:13     | Learned a level 6 spell: Conjure Ball Lightning
 34542 | D:13     | Found a gate to the Vaults.
 35199 | D:14     | Identified the +8 arbalest "Pysecim" {penet, Fragile rElec
                  | rC+ Dex+9}
 35253 | D:14     | Noticed Nessos
 35266 | D:14     | Killed Nessos
 35679 | D:14     | Found a white marble altar of Elyvilon.
 36194 | D:14     | Noticed Rupert
 36195 | D:14     | Paralysed by Rupert for 2 turns
 36237 | D:14     | Killed Rupert
 36238 | D:14     | Reached skill level 5 in Shields
 36427 | D:14     | Found a faded altar of an unknown god.
 36428 | D:14     | Found a faded altar of an unknown god.
 36429 | D:14     | Found a hazy altar of Hepliaklqana.
 36501 | D:15     | Entered Level 15 of the Dungeon
 36514 | D:15     | Reached skill level 10 in Conjurations
 36623 | D:15     | HP: 14/97 [yaktaur/bolt (18)]
 36627 | D:15     | Shot with a bolt by a yaktaur

Illustrated notes

Levels and vault maps discovered:
D:1:      amcnicky_arrival_choice, layout_loops_cross
D:2:      layout_loops_ring, uniq_crazy_yiuf_cottage
D:3:      layout_loops_ring, chequers_ecumenical_altar_grove, uniq_robin
D:4:      layout_loops_ring, mainiacjoe_overflow_boulevard,
          lightli_sewer_entry_pipes, amcnicky_mini_corridor_feature
D:5:      minmay_general_purpose_star, layout_basic, uniq_grinder, uniq_ijyb
D:6:      layout_cave_pools, minmay_misc_feat_encased
D:7:      layout_basic, pdpol_temple_overflow_zin_treasury_gozag_greed,
          mainiacjoe_overflow_catwalk, minmay_temple_entry_slanted,
          uniq_menkaure, uniq_prince_ribbit1, uniq_pikel
D:8:      layout_loops_ring, mainiacjoe_overflow_alcove_1,
          gammafunk_ghost_abyssal_escape
D:9:      layout_gridville, nicolae_tso_carved_into_rock,
          due_lair_maze_entry_diamond, ebering_ghost_rock_garden
D:10:     layout_loops_corners, minmay_overflow_temple_star_quad,
          chequers_serial_rivers_small_3, uniq_nergalle
D:11:     layout_roguey, zombieorc2_lemuel
D:12:     wad_bat_island, layout_layer_cave, serial_shops, nicolae_square_shop,
          grunt_ministairs_6
D:13:     layout_long_grid, david_vaults_2, portal_ice_cave_entry_imps,
          uniq_snorg
D:14:     layout_loops_ring, elyvilon_altar_4,
          nicolae_hepliaklqana_ecumenical_no_more, uniq_nessos, uniq_rupert
D:15:     grunt_enter_depths_magical_seal, layout_loops_ring,
          gauntlet_entry_generic, nicolae_qazlal_scattered_showers
Temple:   oiseaux_autumnal_temple
Lair:1:   layout_misc_corridors, grunt_megastairs_3, lemuel_fruit_tree
Lair:2:   layout_regular_city, guppyfry_snake_entry_island, gammafunk_ghost_icy,
          grunt_megastairs_2, infiniplex_staircase_pool_2
Lair:3:   layout_cave_pods, elwin_shoals_entry_stream
Lair:4:   layout_hall_layers, dpeg_slime_entry_corner, grunt_megastairs_1,
          serial_bayou_shore_a
Lair:5:   hangedman_lair_tendril_chambers, layout_long_grid,
          hangedman_lair_caniforms_friends

Skill      XL: |  1  2  3  4  5  6  7  8  9 10 11 12 13 14 15 |
---------------+----------------------------------------------+-----
Conjurations   | 2 3 4 8 10 | 10.0
Fighting       | 1 2 4 5 6 8 9 10 11 12 | 12.5
Dodging        | 3 4 5 6 7 9 10 11 12 13 | 13.4
Air Magic      | 5 6 8 9 11 12 14 15 | 15.0
Spellcasting   | 3 4 5 6 7 8 10 | 10.2
Ranged Weapons | 2 |  2.3
Maces & Flails | 5 6 8 |  8.0
Invocations    | 1 4 6 7 |  7.8
Shields        | 3 5 |  5.2
Stealth        | |  2.0

Action                   |  1- 3 |  4- 6 |  7- 9 | 10-12 | 13-15 || total
-------------------------+-------+-------+-------+-------+-------++-------
Melee: Trident           |     3 |     8 |       |       |       ||    11
       Unarmed           |     2 |       |       |       |       ||     2
       Kick              |     1 |     3 |     2 |    34 |   100 ||   140
       Peck              |     1 |     2 |     4 |    22 |    63 ||    92
       Demon blade       |       |     1 |     3 |       |       ||     4
       Shillelagh        |       |       |    44 |   127 |   283 ||   454
       Punch             |       |       |     1 |     1 |     4 ||     6
Throw: Dart              |       |       |     1 |       |       ||     1
 Cast: Shock             |    74 |   191 |   296 |   416 |   136 ||  1113
       Airstrike         |       |       |     5 |   114 |   368 ||   487
       Lightning Bolt    |       |       |       |       |   153 ||   153
       Iskenderun's Batt |       |       |       |       |     9 ||     9
Invok: Channel Magic     |       |       |       |       |     9 ||     9
Evoke: Wand              |       |       |     4 |     9 |     3 ||    16
  Use: Scroll            |       |     5 |    10 |     7 |    11 ||    33
       Potion            |       |       |     3 |       |     3 ||     6
 Stab: Distracted        |       |       |       |       |     1 ||     1
Armor: Robe              |     4 |     4 |       |       |       ||     8
       Leather armour    |       |       |    16 |    32 |    30 ||    78
       Troll leather arm |       |       |       |       |     3 ||     3
Dodge: Dodged            |    30 |    39 |   100 |   417 |   449 ||  1035
Block: Kite shield       |       |       |       |       |    87 ||    87

Table legend: (Time is in decaauts)
 A = Elapsed time spent in this place.
 B = Non-inter-level travel time spent in this place.
 C = Inter-level travel time spent in this place.
 D = Time resting spent in this place.
 E = Time spent auto-exploring this place.
 F = Levels seen in this place.
 G = Mean time per level.
                   A        B        C        D        E       F      G
               +--------+--------+--------+--------+--------+-----+--------+
         Total |  35005 |  33823 |   1182 |  15042 |  10627 |  23 | 1522.0 |
       Dungeon |  20621 |  19913 |    708 |   7366 |   7613 |  15 | 1374.7 |
        Temple |    321 |    305 |     16 |     46 |    180 |   1 |  321.0 |
          Lair |  12599 |  12142 |    457 |   6768 |   2735 |   5 | 2519.8 |
         Sewer |    806 |    806 |      0 |    375 |     97 |   1 |  806.0 |
      Ice Cave |    657 |    657 |      0 |    486 |      0 |   1 |  657.0 |
               +--------+--------+--------+--------+--------+-----+--------+

Top non-repeatable levels by time:
  Lair:5: 5498 daAuts
    D:12: 2834 daAuts
  Lair:3: 2359 daAuts
  Lair:4: 2269 daAuts
     D:5: 2011 daAuts
     D:9: 1834 daAuts
    D:10: 1717 daAuts
     D:6: 1394 daAuts
    D:13: 1364 daAuts
     D:3: 1344 daAuts
     D:7: 1329 daAuts
    D:14: 1285 daAuts
  Lair:2: 1272 daAuts
     D:1: 1249 daAuts
  Lair:1: 1200 daAuts

Table legend:
 A = Kills in this place as a percentage of kills in entire the game.
 B = Kills by you in this place as a percentage of kills by you in the entire game.
 C = Kills by friends in this place as a percentage of kills by friends in the entire game.
 D = Other kills in this place as a percentage of other kills in the entire game.
 E = Experience gained in this place as a percentage of experience gained in the entire game.
 F = Experience gained in this place divided by the number of levels of this place that you have seen.
                   A       B       C       D       E      F
               +-------+-------+-------+-------+-------+----------------------
         Total | 100.0 | 100.0 |   N/A | 100.0 | 100.0 | 4773.9
       Dungeon |  62.0 |  61.9 |   N/A | 100.0 |  43.8 | 3205.5
          Lair |  32.4 |  32.5 |   N/A |   0.0 |  53.4 | 11719.0
         Sewer |   3.8 |   3.9 |   N/A |   0.0 |   0.1 | 101.0
      Ice Cave |   1.8 |   1.8 |   N/A |   0.0 |   2.8 | 3022.0
               +-------+-------+-------+-------+-------+----------------------
